 Dungeon Crawl Stone Soup version 0.28-a0-1117-g0bdd5ba030 (webtiles) character file.

Game seed: 6145970885474541156

661 siradein the Skirmisher (level 7, -1/58 HPs)
             Began as a Palentonga Fighter on Dec 11, 2021.
             Slain by a centaur (4 damage)
             ... on level 4 of the Dungeon.
             The game lasted 00:09:31 (4083 turns).

siradein the Skirmisher (Palentonga Fighter)        Turns: 4083, Time: 00:09:32

Health: -1/58      AC: 15    Str: 19    XL:     7   Next: 30%
Magic:  7/7        EV:  7    Int:  8    God:
Gold:   196        SH:  5    Dex: 12    Spells: 6/6 levels left

rFire   . . .      SeeInvis +   a - +0 long sword
rCold   . . .      Faith    .   c - +0 buckler
rNeg    . . .      Spirit   .   b - +0 scale mail
rPois   .          Reflect  .   (no helmet)
rElec   .          Harm     .   (no cloak)
rCorr   .          Rampage  .   p - +0 pair of gloves
Will    .....                   (no barding)
Stlth   ..........              d - amulet of regeneration
HPRegen 0.99/turn               (no ring)
MPRegen 0.10/turn               (no ring)

@: curled up
A: large, rugged brown scales 3, see invisible, deformed body, roll 1, armoured
tail, reflexive curl
a: Rolling Charge


You were on level 4 of the Dungeon.
You visited 1 branch of the dungeon, and saw 4 of its levels.

You collected 196 gold pieces.

Inventory:

Hand Weapons
 a - a +0 long sword (weapon)
Armour
 b - a +0 scale mail (worn)
 c - a +0 buckler (worn)
 p - a +0 pair of gloves (worn)
Jewellery
 d - an amulet of regeneration (around neck)
 l - an amulet of guardian spirit
 m - an amulet of the acrobat
Wands
 i - a wand of flame (14)
 k - a wand of polymorph (4)
Scrolls
 e - a scroll of identify
 f - a scroll of teleportation
 h - a scroll of blinking
 r - a scroll of brand weapon {unknown}
Potions
 g - a potion of ambrosia {unknown}
 j - a potion of invisibility {unknown}
 n - a potion of mutation {unknown}
 o - a potion of resistance {unknown}
 q - 2 potions of attraction {unknown}
 s - a potion of heal wounds {unknown}


   Skills:
 + Level 4.9 Fighting
 + Level 4.4 Long Blades
 + Level 4.1 Armour
 + Level 4.1 Shields


You had 6 spell levels left.
You didn't know any spells.
Your spell library was empty.

Dungeon Overview and Level Annotations

Branches:
Dungeon (4/15)
 Temple: D:4-7

Altars:
Nemelex Xobeh
Trog

Shops:
D:1 =


Innate Abilities, Weirdness & Mutations

You are completely covered in rugged brown scales. (AC +3, +7% HP)
You have supernaturally acute eyesight. (SInv)
Armour fits poorly on your strangely shaped body.
You can roll at nearby foes to attack.
You have a long armoured tail.
You curl defensively after being hit. (AC +7*)


Message History

You slash the centaur!
The centaur is heavily wounded.
The centaur unwields a +0 shortbow.
The centaur wields the +2 halberd "Foivoofu" {vorpal, *Slow rC+ Str+2}.
The centaur hits you with the +2 halberd "Foivoofu" {vorpal, *Slow rC+ Str+2}.
The centaur kicks you but does no damage.
The centaur hits you with the +2 halberd "Foivoofu" {vorpal, *Slow rC+ Str+2}!
The centaur kicks you but does no damage.
You closely miss the centaur.
The centaur is heavily wounded.
The centaur barely misses you. The centaur misses you.
Unknown command.
You slash the centaur!
The centaur is almost dead.
The centaur hits you with the +2 halberd "Foivoofu" {vorpal, *Slow rC+ Str+2}.
* * * LOW HITPOINT WARNING * * *
x2 The centaur kicks you but does no damage.
The centaur hits you but does no damage.
The centaur barely misses you. You block the centaur's attack. x2
The centaur hits you with the +2 halberd "Foivoofu" {vorpal, *Slow rC+ Str+2}.
* * * LOW HITPOINT WARNING * * *
x2 The centaur kicks you but does no damage.
Your scale mail prevents you from hitting the centaur.
The centaur is severely wounded.
You block the centaur's attack.
The centaur kicks you but does no damage.
You barely miss the centaur.
Your tail-slap misses the centaur.
The centaur is severely wounded.
You block the centaur's attack.
The centaur kicks you but does no damage.
The centaur hits you with the +2 halberd "Foivoofu" {vorpal, *Slow rC+ Str+2}!
* * * LOW HITPOINT WARNING * * *
x2 The centaur kicks you but does no damage.
You hit the centaur.
The centaur is almost dead.
You block the centaur's attack.
The centaur kicks you but does no damage.
The centaur hits you with the +2 halberd "Foivoofu" {vorpal, *Slow rC+ Str+2}.
You die...

#.##....###. ##.##).......
######...)######..
################......##..## #..
.................########..####..
............######.....#...##....
............#....'.#.#.#.........
...........)#.##.#.....#........>
............#.##@#.#.#.#.........
............#.oc.#.....#...).....
............##'#######'##........
.............#...#......#........
.<...........#c..#.#..#.#........
.........##..#...#......#........
..#########.####c#......#........
..# ###.'..#.#..#.#######.. ..#
####..#......# #.#


You could see a centaur and an orc.

Vanquished Creatures
  Menkaure (D:4)
  A sky beast (D:4)
  A wyvern zombie (D:4)
  A scorpion (D:4)
  A howler monkey (D:4)
  An orc priest (D:4)
  A bullfrog skeleton (D:4)
  A centaur skeleton (D:4)
  2 hound skeletons (D:4)
  3 gnolls
  4 adders
  An ufetubus (D:3)
  An adder skeleton (D:4)
  3 dart slugs
  6 orcs (D:4)
  7 ball pythons
  7 endoplasms
  3 giant cockroaches
  17 goblins
  9 hobgoblins
  6 jackals
  7 quokkas
  5 bats
  5 frilled lizards
  8 kobolds
  5 rats
107 creatures vanquished.

Notes
Turn   | Place    | Note
-------+----------+-------------------------------------------
     0 | D:1      | siradein the Palentonga Fighter began the quest for the
                  | Orb.
     0 | D:1      | Reached XP level 1. HP: 19/19 MP: 1/1
   136 | D:1      | Found a faded altar of an unknown god.
   336 | D:1      | Reached XP level 2. HP: 25/25 MP: 2/2
   344 | D:1      | Found Nimalin's Jewellery Shop.
   883 | D:1      | Reached XP level 3. HP: 30/31 MP: 3/3
  1528 | D:2      | Reached XP level 4. HP: 17/37 MP: 4/4
  2767 | D:3      | Reached XP level 5. HP: 41/44 MP: 5/5
  3304 | D:4      | Reached XP level 6. HP: 51/51 MP: 6/6
  3318 | D:4      | Noticed Menkaure
  3454 | D:4      | Noticed a sky beast
  3464 | D:4      | Killed a sky beast
  3467 | D:4      | Killed Menkaure
  3690 | D:4      | Gained mutation: You curl defensively after being hit. (AC
                  | +7*) [Palentonga growth]
  3690 | D:4      | Reached XP level 7. HP: 55/58 MP: 5/7
  3813 | D:4      | Found a sparkling altar of Nemelex Xobeh.
  3813 | D:4      | Found a bloodstained altar of Trog.
  3948 | D:4      | Identified the +2 halberd "Foivoofu" {vorpal, *Slow rC+
                  | Str+2}
  4082 | D:4      | HP: 2/58 [centaur (2)]
  4083 | D:4      | Slain by a centaur

Illustrated notes

Levels and vault maps discovered:
D:1:      sevenhm_arrival_forest_fort_small_3, layout_basic,
          hellmonk_ecumenical_altar_inner_sanctum, serial_shops,
          nicolae_shop_stone
D:2:      cheibrodos_greedy_goblins, layout_rooms
D:3:      layout_loops_ring, hangedman_decor_opposing, minmay_crystal_water,
          minivault_26
D:4:      minmay_clustersquares, layout_rooms, gammafunk_temple_overflow_wave,
          uniq_menkaure

Skill      XL: |  1  2  3  4  5  6  7 |
---------------+----------------------+-----
Armour         | 3 4 |  4.1
Shields        | 3 4 |  4.1
Long Blades    | 3 4 |  4.4
Fighting       | 4 |  4.9

Action                   |  1- 3 |  4- 6 |  7- 9 || total
-------------------------+-------+-------+-------++-------
Melee: Long sword        |   128 |   140 |    67 ||   335
       Tailslap          |    15 |    25 |     5 ||    45
 Abil: Rolling Charge    |    15 |       |     1 ||    16
  Use: Scroll            |       |     3 |       ||     3
       Potion            |       |     1 |       ||     1
Armor: Scale mail        |    53 |    93 |    37 ||   183
Dodge: Dodged            |    34 |    49 |    23 ||   106
Block: Buckler           |    25 |    33 |    17 ||    75

Table legend: (Time is in decaauts)
 A = Elapsed time spent in this place.
 B = Non-inter-level travel time spent in this place.
 C = Inter-level travel time spent in this place.
 D = Time resting spent in this place.
 E = Time spent auto-exploring this place.
 F = Levels seen in this place.
 G = Mean time per level.
                   A        B        C        D        E       F      G
               +--------+--------+--------+--------+--------+-----+--------+
         Total |   4176 |   4127 |     49 |    401 |   2785 |   4 | 1044.0 |
       Dungeon |   4176 |   4127 |     49 |    401 |   2785 |   4 | 1044.0 |
               +--------+--------+--------+--------+--------+-----+--------+

Top non-repeatable levels by time:
     D:3: 1311 daAuts
     D:1: 1197 daAuts
     D:2: 866 daAuts
     D:4: 800 daAuts
